Map: [ESL] Dragon Scales

Players

GuMiho - Winner!

  • Race: Terran Terran

Spirit

  • Race: Terran Terran

Event: IEM Katowice 2023

VOD

Have the link to the VOD?

Description

Time

  • Played on: Feb. 11, 2023, 6:29 a.m.
  • Length: 10:15

All games in this series

Show
View Real Time Build Order
Export as new Build Order

GuMiho Terran - Winner!

Build Orders: Mech 

Get SALT Encoding   

  12  0:00  SCV  
  13  0:12  SCV  
  14  0:17  Supply Depot  
  14  0:24  SCV  
  15  0:39  Barracks  
  15  0:41  Refinery  
  15  0:54  Barracks  
  15  0:57  SCV  
  16  1:09  SCV  
  16  1:11  Refinery  
  17  1:22  SCV  
  18  1:26  Reaper  
  19  1:34  Orbital Command  
  19  1:41  Reaper  
  20  1:48  Supply Depot  
  20  1:58  Reaper  
  20  2:00  SCV  
  22  2:12  SCV  
  22  2:13  Reaper  
  24  2:20  Factory  
  24  2:29  SCV  
  25  2:30  Reaper  
  25  2:34  Supply Depot  
  26  2:41  SCV  
  27  2:45  Reaper  
  27  2:55  SCV  
  28  3:05  Factory Tech Lab, Reaper  
  28  3:07  SCV  
  30  3:19  SCV  
  30  3:25  Cyclone  
  33  3:32  SCV  
  32  3:38  Reaper  
  32  3:39  Reaper  
  33  3:45  SCV, Command Center  
  33  3:57  Cyclone  
  33  3:59  SCV  
  37  4:03  Starport  
  37  4:11  SCV  
  37  4:14  Supply Depot  
  38  4:22  Mag-Field Accelerator  
  38  4:27  SCV  
  38  4:28  Refinery  
  38  4:29  Refinery  
  42  4:38  Cyclone  
  42  4:41  SCV  
  43  4:58  Medivac  
  45  5:02  Orbital Command  
  45  5:03  SCV  
  46  5:11  Command Center  
  46  5:12  Cyclone  
  49  5:15  SCV  
  50  5:22  Factory  
  50  5:27  SCV  
  51  5:30  Starport Tech Lab  
  51  5:31  SCV  
  50  5:39  SCV  
  50  5:43  SCV  
  50  5:46  Supply Depot  
  50  5:49  Raven  
  53  5:51  SCV  
  53  5:54  Siege Tank  
  53  5:55  SCV  
  58  6:03  SCV  
  59  6:10  SCV  
  60  6:12  Factory Reactor  
  60  6:15  SCV  
  60  6:18  Factory  
  61  6:21  Supply Depot  
  61  6:22  SCV  
  62  6:28  Viking, SCV  
  62  6:30  Siege Tank  
  65  6:34  SCV  
  63  6:40  SCV  
  63  6:46  Engineering Bay, SCV  
  64  6:56  SCV  
  64  6:58  SCV  
  60  7:02  Siege Tank  
  63  7:08  SCV  
  63  7:10  SCV  
  63  7:13  Orbital Command  
  65  7:16  Starport Reactor  
  65  7:20  SCV  
  65  7:22  SCV, Hellion  
  69  7:23  Hellion  
  69  7:25  Supply Depot  
  70  7:33  SCV  
  70  7:34  Siege Tank, Orbital Command, SCV  
  72  7:40  Missile Turret  
  72  7:44  Hellion  
  72  7:45  SCV  
  72  7:46  SCV  
  76  7:52  Siege Tank  
  76  7:57  SCV  
  78  7:59  SCV  
  78  8:05  SCV  
  80  8:06  Siege Tank  
  80  8:08  Hellion x2  
  80  8:09  Viking  
  80  8:10  Viking  
  91  8:24  Siege Tank  
  91  8:29  Hellion  
  91  8:31  SCV  
  94  8:38  Siege Tank  
  94  8:39  Viking  
  93  8:51  Viking  
  93  8:53  Hellion  
  93  8:54  Hellion  
  93  8:55  SCV x3  
  88  9:07  Siege Tank, SCV x3  
  94  9:10  Siege Tank  
  97  9:19  SCV x2  
  98  9:27  Viking x2  
  101  9:35  SCV  
  101  9:38  SCV x2  
  101  9:41  Siege Tank  
Show
View Real Time Build Order
Export as new Build Order

Spirit Terran 

Build Orders:  

Get SALT Encoding   

  12  0:00  SCV  
  13  0:12  SCV  
  14  0:16  Supply Depot  
  14  0:24  SCV  
  15  0:38  SCV  
  15  0:39  Barracks  
  16  0:44  Refinery  
  16  0:50  SCV  
  16  0:52  Refinery  
  17  1:02  SCV  
  18  1:14  SCV  
  19  1:26  Reaper  
  19  1:27  Orbital Command  
  20  1:32  Supply Depot  
  20  1:42  Factory  
  20  1:52  SCV  
  21  1:58  Reaper  
  22  2:04  SCV  
  23  2:10  Supply Depot  
  23  2:16  SCV  
  23  2:28  SCV  
  23  2:29  Hellion  
  26  2:35  Barracks Tech Lab  
  26  2:40  SCV  
  27  2:51  Hellion  
  28  2:52  SCV  
  27  3:03  Marauder  
  27  3:05  SCV  
  30  3:11  Starport  
  30  3:12  Hellion  
  32  3:13  Supply Depot  
  32  3:24  Marauder  
  31  3:30  SCV  
  31  3:33  Hellion  
  30  3:42  SCV  
  31  4:01  SCV, Command Center  
  32  4:06  Barracks Tech Lab, Cyclone  
  35  4:13  SCV  
  36  4:25  SCV  
  36  4:28  Raven  
  39  4:31  Barracks Reactor  
  39  4:35  Supply Depot  
  39  4:38  SCV  
  40  4:39  Refinery  
  40  4:44  Siege Tank  
  43  4:50  SCV  
  44  5:02  SCV  
  45  5:09  Marine x2  
  45  5:11  Raven  
  45  5:13  Orbital Command  
  50  5:14  SCV  
  50  5:26  SCV  
  51  5:28  Command Center  
  51  5:33  Marine  
  48  5:38  Siege Tank, SCV  
  48  5:39  Marine  
  48  5:41  SCV  
  52  5:49  Raven  
  54  5:50  SCV  
  54  5:51  Marine  
  54  5:53  SCV  
  54  5:57  Marine  
  57  6:02  SCV  
  55  6:05  SCV, Supply Depot  
  55  6:11  Siege Tank, Marine  
  54  6:14  SCV  
  54  6:17  SCV  
  57  6:19  Supply Depot  
  57  6:23  Marine  
  58  6:26  SCV  
  58  6:29  SCV  
  60  6:35  Starport Reactor  
  60  6:38  SCV  
  62  6:41  SCV  
  62  6:49  Barracks  
  62  6:50  Marine, Stimpack, Barracks  
  62  6:51  SCV  
  62  6:53  SCV  
  63  6:55  Refinery  
  63  6:56  Refinery  
  63  6:59  Orbital Command  
  60  7:03  SCV  
  60  7:05  Siege Tank  
  60  7:06  SCV  
  62  7:15  SCV  
  62  7:18  Liberator  
  62  7:22  Liberator  
  64  7:23  SCV  
  64  7:27  SCV  
  68  7:35  SCV  
  69  7:40  Marine x2, Marauder, Barracks Tech Lab  
  69  7:43  Barracks, SCV  
  74  7:46  Barracks  
  74  7:49  SCV, Supply Depot  
  75  7:55  SCV  
  75  7:57  Siege Tank  
  75  7:58  Marine  
  77  8:02  Marauder  
  77  8:03  Supply Depot  
  77  8:04  Medivac, SCV, Supply Depot  
  83  8:10  Medivac  
  83  8:11  SCV  
  83  8:12  Marauder  
  88  8:15  Marine  
  88  8:18  Marine  
  90  8:22  SCV  
  90  8:23  Marauder  
  90  8:24  SCV  
  94  8:28  Orbital Command  
  94  8:31  Siege Tank, Marine  
  94  8:33  Marine  
  94  8:34  Marauder  
  101  8:35  Marine  
  101  8:40  Marine, SCV  
  103  8:44  Marine, SCV  
  97  8:51  Marine  
  97  8:52  SCV  
  97  8:53  Marine  
  97  8:55  Marine  
  102  9:02  Marine  
  96  9:03  Medivac, Barracks Reactor  
  96  9:05  SCV  
  96  9:06  Siege Tank  
  96  9:08  Marine  
  93  9:11  Marine, Barracks Tech Lab  
  93  9:13  Marauder  
  93  9:15  SCV  
  95  9:18  SCV  
  95  9:20  Marine, Concussive Shells  
  95  9:22  SCV  
  95  9:26  Marine  
  95  9:29  Marine, Marauder  
  96  9:34  Marauder  
  96  9:37  Marine  
  91  9:39  SCV  
  91  9:41  Engineering Bay x2  
  91  9:43  SCV  
  91  9:44  Marine  
  91  9:45  SCV  
  94  9:47  Marine  
  94  9:49  Marine  
  94  9:50  Marine, Marauder  

Tags
 
Composition
Mech
Matchup
TvT
Race
Terran
Spawn Locations
Cross Positions
Add a new tag
Caveats
  • Supply blocks, unpowered buildings, or Contaminate may cause inaccurate times.
  • Supply counts are checked every 10 seconds.